 Dungeon Crawl Stone Soup version 0.31-a0-1612-g4aaf141004 (webtiles) character file.

Game seed: 13953173827255434151

154 Newt the Trooper (level 5, -1/47 HPs)
             Began as a Demonspawn Gladiator on Jan 9, 2024.
             Slain by a river rat (5 damage)
             ... on level 3 of the Dungeon.
             The game lasted 00:02:51 (2061 turns).

Newt the Trooper (Demonspawn Gladiator)             Turns: 2061, Time: 00:02:52

Health: -1/47      AC:  6    Str: 17    XL:     5   Next: 13%
Magic:  4/12       EV: 11    Int:  8    God:
Gold:   149        SH:  0    Dex: 14    Spells: 14/14 levels left

rFire   . . .        a - +1 rapier
rCold   . . .        (no shield)
rNeg    . . .        b - +0 leather armour
rPois   .            c - +0 helmet
rElec   .            (no cloak)
rCorr   .            (no gloves)
SInv    .            (no boots)
Will    .....        (no amulet)
Stlth   +            (no ring)
HPRegen 0.27/turn    (no ring)
MPRegen 0.13/turn

%: no passive effects
@: constricted
A: slimy green scales 1, demonic magic 1
a: no special abilities


You were on level 3 of the Dungeon.
You visited 1 branch of the dungeon, and saw 3 of its levels.

You collected 149 gold pieces.

Inventory:

Hand Weapons
 a - a +1 rapier (weapon)
Missiles
 i - 10 poisoned darts
Armour
 b - a +0 leather armour (worn)
 c - a +0 helmet (worn)
Jewellery
 n - an amulet of faith
Scrolls
 j - a scroll of vulnerability
Potions
 g - a potion of enlightenment {unknown}
 h - a potion of berserk rage {unknown}
 k - a potion of lignification {unknown}
 l - a potion of attraction {unknown}
 p - a potion of haste {unknown}


   Skills:
 - Level 6.9 Fighting
 - Level 2.6 Short Blades
 - Level 1.7 Throwing
 + Level 6.1 Dodging
 - Level 5.0 Spellcasting
 - Level 5.0 Ice Magic


You had 14 spell levels left.
You didn't know any spells.
Your spell library contained the following spells:

 Spells                   Type           Power      Damage    Failure   Level
 Freeze                   Ice            40%        1d6       4%          1
 Frozen Ramparts          Ice            20%        1d4       12%         3
 Hailstorm                Conj/Ice       6%         3d5       34%         3
 Call Imp                 Summ           4%         N/A       43%         2
 Sublimation of Blood     Necr           2%         N/A       43%         2
 Summon Hydra             Summ           1%         N/A       100%        7


Dungeon Overview and Level Annotations

Branches:
Dungeon (3/15)

Altars:
Ashenzari

Portals:
Sewer: D:3


Innate Abilities, Weirdness & Mutations

You are partially covered in slimy green scales. (AC +2)
Spells you cast may paralyse adjacent enemies.


Message History

The ball python constricts you.
Unknown command.
Throw: throwing net
Press: ? - help, Q - select action, (/) - cycle Shift-Dir - straight line, f/p - river rat
Aim: a river rat (heavily wounded, 53% to hit)
You throw a throwing net.
The throwing net closely misses the river rat.
The river rat barely misses you. The ball python bites you.
* * * LOW HITPOINT WARNING * * *
The ball python constricts you.
Unknown command.
Throw: javelin
Press: ? - help, Shift-Dir - straight line, f - giant cockroach, p - river rat
Aim: a giant cockroach (57% to hit)
You throw a javelin.
The javelin pierces through the ball python.
The ball python is moderately wounded.
The javelin barely misses the ball python.
The javelin pierces through the ball python!
You kill the ball python!
The javelin closely misses the giant cockroach.
The river rat bites you.
* * * LOW HITPOINT WARNING * * *
The ball python bites you.
* * * LOW HITPOINT WARNING * * *
The ball python constricts you. The river rat misses you.
Unknown command.
Unknown command.
Unknown command.
It was a potion of experience.
You feel more experienced!
Your Fighting skill gained 2 levels and is now at level 6!
Your Dodging skill gained 3 levels and is now at level 6!
Your Spellcasting skill gained 5 levels and is now at level 5!
Your Ice Magic skill gained 5 levels and is now at level 5!
You have reached level 5!
The ball python barely misses you. The ball python constricts you.
The river rat twitches its whiskers.
The river rat bites you.
You die...

#..........# #<.........# **
#..........# *~ #..........# *,
#..........# *.
########........#* *.
......##....†...## #########.
......#..........# ########..
..<.............@#** #######..#
......#.........rSr#* ######..##
........##########Sr#**######.###
......###,,,,,,,,*#Br##.......<##
##..###*,,,,,,,,,,*#..#........##
#.##**,,,,,,,,,,,,*#..........##
##.#**,,,,,,,,,,,,,,*#.........##
#..#*,,,,,,,,,,,,,,,,*#w.......##
...#,,,,,,,,,,,,,,,,,,#........##


You could see a ribbon worm, a river rat, a giant cockroach, 2 ball pythons and
3 rats.

Vanquished Creatures
  2 adders (D:2)
  A dart slug (D:2)
  4 ribbon worms
  4 endoplasms
  2 giant cockroaches
  4 hobgoblins
  4 kobolds
  4 quokkas
  3 ball pythons
  A bat (D:1)
  2 frilled lizards (D:1)
  8 goblins
  6 rats
45 creatures vanquished.

Notes
Turn   | Place    | Note
-------+----------+-------------------------------------------
     0 | D:1      | Newt the Demonspawn Gladiator began the quest for the Orb.
     0 | D:1      | Reached XP level 1. HP: 16/16 MP: 1/1
   219 | D:1      | Gained mutation: You are partially covered in slimy green
                  | scales. (AC +2) [demonic ancestry]
   219 | D:1      | Reached XP level 2. HP: 22/23 MP: 2/2
   880 | D:2      | Reached XP level 3. HP: 26/29 MP: 3/3
  1814 | D:2      | Found a broken altar of Ashenzari.
  1859 | D:2      | Gained mutation: Spells you cast may paralyse adjacent
                  | enemies. [demonic ancestry]
  1859 | D:2      | Reached XP level 4. HP: 37/37 MP: 4/4
  1979 | D:3      | Found a glowing drain.
  2061 | D:3      | Reached skill level 5 in Spellcasting
  2061 | D:3      | Reached skill level 5 in Ice Magic
  2061 | D:3      | Reached XP level 5. HP: 3/47 MP: 4/12
  2061 | D:3      | Slain by a river rat

Illustrated notes

Levels and vault maps discovered:
D:1:      dpeg_chamrin_arrival_tetris, layout_loops_ring
D:2:      layout_basic, basic_altar
D:3:      kennysheep_big_flooded_room, layout_rooms,
          hellmonk_sif_muna_bookshelves, portal_sewer_entry_b,
          minmay_misc_feat_tower, hex_large

Skill      XL: |  1  2  3  4 |
---------------+-------------+-----
Fighting       | 3 4 6 |  6.9
Dodging        | 3 6 |  6.1
Spellcasting   | 5 |  5.0
Ice Magic      | 5 |  5.0
Short Blades   | |  2.6
Throwing       | |  1.7

Action                     |  1- 3 |  4- 6 || total
---------------------------+-------+-------++-------
  Melee: Rapier            |   161 |    45 ||   206
         Punch             |     4 |     1 ||     5
  Throw: Throwing net      |       |     3 ||     3
         Javelin           |       |     1 ||     1
    Use: Scroll            |     1 |     4 ||     5
         Potion            |       |     1 ||     1
   Stab: Sleeping          |     2 |       ||     2
 Armour: Leather armour    |    69 |    31 ||   100
  Dodge: Dodged            |   102 |    35 ||   137

Table legend: (Time is in decaauts)
 A = Elapsed time spent in this place.
 B = Non-inter-level travel time spent in this place.
 C = Inter-level travel time spent in this place.
 D = Time resting spent in this place.
 E = Time spent auto-exploring this place.
 F = Levels seen in this place.
 G = Mean time per level.
                   A        B        C        D        E       F      G
               +--------+--------+--------+--------+--------+-----+--------+
         Total |   2075 |   2016 |     59 |    153 |   1413 |   3 |  691.7 |
       Dungeon |   2075 |   2016 |     59 |    153 |   1413 |   3 |  691.7 |
               +--------+--------+--------+--------+--------+-----+--------+

Top non-repeatable levels by time:
     D:2: 1224 daAuts
     D:1: 755 daAuts
     D:3: 95 daAuts
